Monarchs vs Senators (R1)

Created - 29 novembre 2015 at 19:21

Goals
1 2 3 T
Monarchs 1 0 1 2
Senators 0 3 2 5
Shots
1 2 3 T
Monarchs 4 13 3 20
Senators 13 13 10 36

1st period

1. Monarchs , Kyle Clifford 7 (John Zeiler, Randy Robitaille) at 18:15 (PP)

Penalties :
Theo Peckham (MAN) for Hooking (Minor) at 5:56, Shane Sims (BIN) for Roughing (Minor) at 13:26, Steven Goertzen (BIN) for Tripping (Minor) at 18:07

2nd period

2. Senators , Brett Sterling 5 (Cody Hodgson, Erik Karlsson) at 2:10
3. Senators , Cody Hodgson 9 (Brett Sterling, Steven Goertzen) at 8:16
4. Senators , Jaden Schwartz 5 (Mark Olver, Erik Karlsson) at 18:36

Penalties :
John Zeiler (MAN) for Elbowing (Minor) at 0:03, Mark Olver (BIN) for Cross-checking (Minor) at 13:49, Kyle Clifford (MAN) for Hooking (Minor) at 18:39

3rd period

5. Senators , Cody Hodgson 10 (Steven Goertzen) at 0:35 (PP)
6. Monarchs , John Zeiler 13 (Randy Robitaille, Theo Peckham) at 1:23
7. Senators , Jack Skille 4 (Gabriel Bourque) at 2:14

Penalties :
Kyle Clifford (MAN) for Interference (Minor) at 3:33, Milan Jurcina (BIN) for Kneeing (Major) at 5:52, Kyle Clifford (MAN) for Hooking (Minor) at 6:14, Kyle Palmieri (MAN) for Interference (Minor) at 13:14, Chris Dingman (MAN) for High sticking (Minor) at 19:37

Goalie Stats

Richard Bachman (MAN), 31 saves from 36 shots - (0,861), L, 6-8-0, 60:00 minutes
Jonas Gustavsson (BIN), 18 saves from 20 shots - (0,900), W, 12-7-2, 60:00 minutes

Players Stats for Monarchs

Player Name              G  A  P  +/- PIM S  H  SB GA TA FO     MP     PP MP  PK MP  
------------------------------------------------------------------------------------
Alec Martinez            0  0  0  -1  0   0  1  0  0  1  0/0    21:34   2:56   3:27 
Andrej Meszaros          0  0  0  -1  0   1  4  1  0  1  0/0    29:06   4:10   6:47 
Andy Greene              0  0  0  -1  0   0  3  2  0  1  0/0    29:06   4:10   6:47 
Chris Dingman            0  0  0  -2  2   2  2  0  0  0  7/12   19:48   0:07   5:47 
Jay Beagle               0  0  0  -2  0   0  1  0  0  0  0/0    12:32   0:12   0:00 
John Mitchell            0  0  0   0  0   1  1  0  0  1  0/0     2:22   0:22   0:01 
John Zeiler              1  1  2   0  2   2  0  0  1  2  1/1    16:55   3:36   0:00 
Jon Merrill              0  0  0  -1  0   1  1  3  0  0  0/0    10:09   0:00   0:48 
Kyle Clifford            1  0  1   1  6   3  2  0  1  0  0/1    17:20   3:41   0:29 
Kyle Palmieri            0  0  0  -1  2   3  1  0  0  1  0/0    10:54   3:05   0:00 
Marek Zagrapan           0  0  0   0  0   0  0  0  0  0  1/3     8:33   0:00   1:34 
Mason Raymond            0  0  0  -2  0   1  4  0  0  0  3/4    19:17   3:05   3:25 
Matt Tennyson            0  0  0  -1  0   0  0  0  0  0  0/0     9:20   0:00   0:00 
Mikael Backlund          0  0  0  -2  0   4  2  0  0  0  4/8    18:50   3:05   2:58 
Paul Bissonnette         0  0  0   0  0   0  1  0  0  0  0/0     7:04   0:00   0:05 
Randy Robitaille         0  2  2   0  0   0  0  2  1  0  11/21  23:49   3:36   6:09 
Theo Peckham             0  1  1  -1  2   1  0  3  0  1  0/0    20:45   2:56   2:39 
Zac Rinaldo              0  0  0  -1  0   1  0  0  0  2  1/4    10:16   0:28   0:00 

Players Stats for Senators

Player Name              G  A  P  +/- PIM S  H  SB GA TA FO     MP     PP MP  PK MP  
------------------------------------------------------------------------------------
Brett Sterling           1  1  2   2  0   3  3  0  0  0  0/0    16:18   4:19   0:54 
Cody Hodgson             2  1  3   2  0   6  1  0  2  0  1/4    16:32   4:19   1:47 
Erik Karlsson            0  2  2   1  0   4  1  2  2  0  0/0    29:13   6:51   3:26 
Gabriel Bourque          0  1  1   1  0   0  0  0  2  0  0/0     9:53   0:00   0:00 
Jack Skille              1  0  1   1  0   4  0  0  0  0  0/1    11:20   0:00   0:20 
Jaden Schwartz           1  0  1   1  0   2  0  0  0  0  0/0     7:19   0:00   0:00 
Logan Stephenson         0  0  0   2  0   1  3  2  0  0  0/0    20:38   3:23   3:30 
Mark Olver               0  1  1   1  2   2  0  0  0  0  0/0    11:01   0:00   0:20 
Martin Marincin          0  0  0   0  0   0  0  0  0  1  0/0    11:36   0:00   2:00 
Matt Frattin             0  0  0   1  0   2  1  0  0  0  0/0     9:29   0:00   0:54 
Milan Jurcina            0  0  0   1  5   1  3  3  1  0  0/0    27:08   6:51   2:16 
Nick Bjugstad            0  0  0   1  0   0  1  0  0  0  2/2     7:19   0:00   0:00 
Patrick Wey              0  0  0   0  0   0  1  0  0  0  0/0    12:01   0:00   0:43 
Sergei Kostitsyn         0  0  0  -1  0   2  2  1  0  1  2/4    23:26   5:55   4:05 
Shane Sims               0  0  0   2  2   0  1  0  2  0  0/0    19:28   3:23   2:17 
Stanislav Chistov        0  0  0  -1  0   6  4  0  0  0  0/3    20:37   5:55   1:47 
Steven Goertzen          0  2  2   2  2   1  1  1  0  0  0/0    14:07   4:19   0:00 
Vernon Fiddler           0  0  0  -1  0   2  2  2  1  1  21/40  23:26   5:55   4:05 

3 Stars

1 - Cody Hodgson (BIN)
2 - Brett Sterling (BIN)
3 - Erik Karlsson (BIN)

Power Play

Monarchs - 1 on 4 Attempt(s) - 25,00%
Senators - 1 on 7 Attempt(s) - 14,29%

Penalty Kill

Monarchs - 6 on 7 Attempt(s) - 85,71% - Score 0 goal in Penalty Kill
Senators - 3 on 4 Attempt(s) - 75,00% - Score 0 goal in Penalty Kill

Team Stat

Monarchs - Hits : 23 - Faceoff Wins : 28 - Blocked Shots : 11 - Penalty Minutes : 14
Senators - Hits : 24 - Faceoff Wins : 26 - Blocked Shots : 11 - Penalty Minutes : 11

Official

Referees : Rooney Chris and Dwyer Gord
Linesman : Dan Schachte and Lonnie Cameron

Game Notes

No Game Note

Finance

Level 1 -- Attendance: 1541 (77,05%) -- Ticket Income 46 230 $
Level 2 -- Attendance: 795 (79,50%) -- Ticket Income 7 950 $
Total Attendance: 2336 (77,87%)
Total Ticket Income: 54 180 $
Other Income: 2 709 $
Total Income: 56 889 $

Monarchs

5 vs 5 Forward 
   Center                   Left Wing                Right Wing               Time % Phy DF OF 
 1 Randy Robitaille         Kyle Clifford            John Zeiler              40     1   2  2  
 2 Mikael Backlund          Mason Raymond            Jay Beagle               30     1   2  2  
 3 Zac Rinaldo              Chris Dingman            Kyle Palmieri            20     1   2  2  
 4 Marek Zagrapan           Paul Bissonnette         Chris Dingman            10     1   2  2  

5 vs 5 Defense 
   Defense                  Defense                                           Time % Phy DF OF 
 1 Andy Greene              Andrej Meszaros                                   40     1   2  2  
 2 Alec Martinez            Theo Peckham                                      30     1   2  2  
 3 Matt Tennyson            Jon Merrill                                       20     1   2  2  
 4 Andy Greene              Andrej Meszaros                                   10     1   2  2  

PowerPlay Forward 
   Center                   Left Wing                Right Wing               Time % Phy DF OF 
 1 Randy Robitaille         Kyle Clifford            John Zeiler              60     1   2  2  
 2 Mikael Backlund          Mason Raymond            Kyle Palmieri            40     1   2  2  

PowerPlay Defense
   Defense                  Defense                                           Time % Phy DF OF 
 1 Andy Greene              Andrej Meszaros                                   60     1   2  2  
 2 Alec Martinez            Theo Peckham                                      40     1   2  2  

Penalty Kill 4 Players Forward 
   Center                   Wing                     Time % Phy DF OF 
 1 Chris Dingman            Randy Robitaille         60     1   2  2  
 2 Mason Raymond            Mikael Backlund          40     1   2  2  

Penalty Kill 4 Players Defense
   Defense                  Defense                  Time % Phy DF OF 
 1 Andy Greene              Andrej Meszaros          60     1   2  2  
 2 Alec Martinez            Theo Peckham             40     1   2  2  

Penalty Kill - 3 Players Forward 
   Forward                                           Time % Phy DF OF 
 1 Chris Dingman                                     60     1   2  2  
 2 Randy Robitaille                                  40     1   2  2  

Penalty Kill - 3 Players Defense
   Defense                  Defense                  Time % Phy DF OF 
 1 Andy Greene              Andrej Meszaros          60     1   2  2  
 2 Alec Martinez            Theo Peckham             40     1   2  2  

4 vs 4 Forward 
   Center                   Wing                     Time % Phy DF OF 
 1 Chris Dingman            Randy Robitaille         60     1   2  2  
 2 Mason Raymond            Mikael Backlund          40     1   2  2  

4 vs 4 Defense
   Defense                  Defense                  Time % Phy DF OF 
 1 Andy Greene              Andrej Meszaros          60     1   2  2  
 2 Alec Martinez            Theo Peckham             40     1   2  2  

Last Minutes Offensive
   Center                   Left Wing                Right Wing               Defense                  Defense                  
   Randy Robitaille         Chris Dingman            John Zeiler              Andy Greene              Andrej Meszaros          

Last Minutes Defensive
   Center                   Left Wing                Right Wing               Defense                  Defense                  
   Randy Robitaille         Chris Dingman            John Zeiler              Andy Greene              Andrej Meszaros          

Goaltenders
Starting : Richard Bachman          
Backup : Ben Bishop               

Extra Forwards
Normal : Zac Rinaldo, John Mitchell, Marek Zagrapan - PP : Zac Rinaldo, John Mitchell - PK : Marek Zagrapan
Extra Defensemen
Normal : Matt Tennyson, Jon Merrill, Alec Martinez - PP : Matt Tennyson - PK : Jon Merrill, Alec Martinez
Penalty Shots
Chris Dingman, Randy Robitaille, Mason Raymond, Mikael Backlund, John Zeiler

Senators

5 vs 5 Forward 
   Center                   Left Wing                Right Wing               Time % Phy DF OF 
 1 Vernon Fiddler           Sergei Kostitsyn         Stanislav Chistov        40     0   2  3  
 2 Cody Hodgson             Brett Sterling           Steven Goertzen          30     0   2  3  
 3 Mark Olver               Gabriel Bourque          Jack Skille              20     1   2  2  
 4 Nick Bjugstad            Jaden Schwartz           Matt Frattin             10     1   2  2  

5 vs 5 Defense 
   Defense                  Defense                                           Time % Phy DF OF 
 1 Milan Jurcina            Erik Karlsson                                     40     1   2  2  
 2 Logan Stephenson         Shane Sims                                        30     1   2  2  
 3 Patrick Wey              Martin Marincin                                   20     1   2  2  
 4 Milan Jurcina            Erik Karlsson                                     10     1   2  2  

PowerPlay Forward 
   Center                   Left Wing                Right Wing               Time % Phy DF OF 
 1 Vernon Fiddler           Sergei Kostitsyn         Stanislav Chistov        60     0   2  3  
 2 Cody Hodgson             Brett Sterling           Steven Goertzen          40     0   2  3  

PowerPlay Defense
   Defense                  Defense                                           Time % Phy DF OF 
 1 Milan Jurcina            Erik Karlsson                                     60     1   2  2  
 2 Logan Stephenson         Shane Sims                                        40     1   2  2  

Penalty Kill 4 Players Forward 
   Center                   Wing                     Time % Phy DF OF 
 1 Vernon Fiddler           Sergei Kostitsyn         60     1   2  2  
 2 Cody Hodgson             Stanislav Chistov        40     1   2  2  

Penalty Kill 4 Players Defense
   Defense                  Defense                  Time % Phy DF OF 
 1 Milan Jurcina            Erik Karlsson            60     1   2  2  
 2 Logan Stephenson         Shane Sims               40     1   2  2  

Penalty Kill - 3 Players Forward 
   Forward                                           Time % Phy DF OF 
 1 Vernon Fiddler                                    60     1   2  2  
 2 Sergei Kostitsyn                                  40     1   2  2  

Penalty Kill - 3 Players Defense
   Defense                  Defense                  Time % Phy DF OF 
 1 Milan Jurcina            Erik Karlsson            60     1   2  2  
 2 Logan Stephenson         Shane Sims               40     1   2  2  

4 vs 4 Forward 
   Center                   Wing                     Time % Phy DF OF 
 1 Vernon Fiddler           Sergei Kostitsyn         60     1   2  2  
 2 Cody Hodgson             Stanislav Chistov        40     1   2  2  

4 vs 4 Defense
   Defense                  Defense                  Time % Phy DF OF 
 1 Milan Jurcina            Erik Karlsson            60     1   2  2  
 2 Logan Stephenson         Shane Sims               40     1   2  2  

Last Minutes Offensive
   Center                   Left Wing                Right Wing               Defense                  Defense                  
   Vernon Fiddler           Sergei Kostitsyn         Stanislav Chistov        Milan Jurcina            Erik Karlsson            

Last Minutes Defensive
   Center                   Left Wing                Right Wing               Defense                  Defense                  
   Vernon Fiddler           Sergei Kostitsyn         Stanislav Chistov        Milan Jurcina            Erik Karlsson            

Goaltenders
Starting : Jonas Gustavsson         
Backup : Alexander Salak          

Extra Forwards
Normal : Jack Skille, Mark Olver, Matt Frattin - PP : Jack Skille, Mark Olver - PK : Matt Frattin
Extra Defensemen
Normal : Patrick Wey, Martin Marincin, Logan Stephenson - PP : Patrick Wey - PK : Martin Marincin, Logan Stephenson
Penalty Shots
Vernon Fiddler, Sergei Kostitsyn, Stanislav Chistov, Cody Hodgson, Steven Goertzen

% Time on Ice - Monarchs

Lines # - Real PCT - Wanted PCT - Time Play
Normal Forward
1 - 33% - 40% - 13:26
2 - 30% - 30% - 12:18
3 - 20% - 20% - 7:58
4 - 17% - 10% - 6:59
Normal Defense
1 - 38% - 40% - 15:26
2 - 35% - 30% - 14:25
3 - 23% - 20% - 9:20
4 - 4% - 10% - 1:30
PP Forward
1 - 57% - 60% - 4:01
2 - 43% - 40% - 3:05
PP Defense
1 - 59% - 60% - 4:10
2 - 41% - 40% - 2:56
PK Forward
1 - 71% - 60% - 7:16
2 - 29% - 40% - 2:58
PK Defense
1 - 66% - 60% - 6:47
2 - 34% - 40% - 3:27
PK3 Forward
1 - 0% - 60%
2 - 0% - 40%
PK3 Defense
1 - 0% - 60%
2 - 0% - 40%
44 Forward
1 - 76% - 60% - 1:30
2 - 24% - 40% - 0:29
44 Defense
1 - 61% - 60% - 1:13
2 - 39% - 40% - 0:46
Last Minute Offensive  - 0:00
Last Minute Defensive  - 0:00
Total
Forward - 60:00
Defense - 60:00

% Time on Ice - Senators

Lines # - Real PCT - Wanted PCT - Time Play
Normal Forward
1 - 33% - 40% - 13:34
2 - 24% - 30% - 9:55
3 - 24% - 20% - 9:53
4 - 18% - 10% - 7:19
Normal Defense
1 - 39% - 40% - 15:53
2 - 32% - 30% - 13:03
3 - 24% - 20% - 9:36
4 - 5% - 10% - 2:09
PP Forward
1 - 58% - 60% - 5:55
2 - 42% - 40% - 4:19
PP Defense
1 - 67% - 60% - 6:51
2 - 33% - 40% - 3:23
PK Forward
1 - 75% - 60% - 5:19
2 - 25% - 40% - 1:47
PK Defense
1 - 58% - 60% - 4:09
2 - 42% - 40% - 2:57
PK3 Forward
1 - 0% - 60%
2 - 0% - 40%
PK3 Defense
1 - 0% - 60%
2 - 0% - 40%
44 Forward
1 - 74% - 60% - 1:28
2 - 26% - 40% - 0:31
44 Defense
1 - 66% - 60% - 1:19
2 - 34% - 40% - 0:40
Last Minute Offensive  - 0:00
Last Minute Defensive  - 0:00
Total
Forward - 60:00
Defense - 60:00

Play by Play

1st period


0:01 of 1st period - Vernon Fiddler wins face-off versus Randy Robitaille in neutral zone.
0:35 of 1st period - Snap shot by Cody Hodgson.
0:35 of 1st period - Stopped by Richard Bachman with a rebound.
0:51 of 1st period - Wrist shot by Kyle Palmieri.
0:51 of 1st period - Shot Misses the Net.
0:53 of 1st period - Slapshot by Andrej Meszaros.
0:53 of 1st period - Deflect By Kyle Palmieri.
0:53 of 1st period - Shot Misses the Net.
0:53 of 1st period - Puck is out of play.
0:54 of 1st period - Nick Bjugstad wins face-off versus Zac Rinaldo in Senators zone.
1:25 of 1st period - Wrist shot by Kyle Palmieri.
1:25 of 1st period - Stopped by Jonas Gustavsson with a rebound.
1:45 of 1st period - Slapshot by Jaden Schwartz.
1:45 of 1st period - Shot Blocked by Jon Merrill.
1:47 of 1st period - Wrist shot by Matt Frattin.
1:47 of 1st period - Stopped by Richard Bachman without a rebound.
1:48 of 1st period - Randy Robitaille wins face-off versus Vernon Fiddler in Monarchs zone.
1:53 of 1st period - Shane Sims is hit by Kyle Clifford and loses puck.
2:02 of 1st period - Slapshot by Randy Robitaille.
2:02 of 1st period - Shot Misses the Net.
2:04 of 1st period - Wrist shot by Randy Robitaille.
2:04 of 1st period - Shot Blocked by Logan Stephenson.
3:04 of 1st period - Brett Sterling is hit by Paul Bissonnette and loses puck.
3:19 of 1st period - Snap shot by Jack Skille.
3:19 of 1st period - Stopped by Richard Bachman with a rebound.
3:48 of 1st period - Snap shot by Stanislav Chistov.
3:48 of 1st period - Stopped by Richard Bachman with a rebound.
4:12 of 1st period - Wrist shot by Steven Goertzen.
4:12 of 1st period - Shot Hit the Post.
4:22 of 1st period - Shane Sims is hit by Andy Greene and loses puck.
4:42 of 1st period - Alec Martinez is hit by Logan Stephenson and loses puck.
5:05 of 1st period - Slapshot by Chris Dingman.
5:05 of 1st period - Stopped by Jonas Gustavsson without a rebound.
5:06 of 1st period - Nick Bjugstad wins face-off versus Marek Zagrapan in Senators zone.
5:45 of 1st period - Wrist shot by Jaden Schwartz.
5:45 of 1st period - Stopped by Richard Bachman without a rebound.
5:46 of 1st period - Mikael Backlund wins face-off versus Vernon Fiddler in Monarchs zone.
5:56 of 1st period - Minor Penalty to Theo Peckham for Hooking.
5:57 of 1st period - Chris Dingman wins face-off versus Vernon Fiddler in Monarchs zone.
6:01 of 1st period - Slapshot by Andrej Meszaros.
6:01 of 1st period - Shot Blocked by Sergei Kostitsyn.
6:29 of 1st period - Slapshot by Erik Karlsson.
6:29 of 1st period - Stopped by Richard Bachman without a rebound.
6:30 of 1st period - Mason Raymond wins face-off versus Stanislav Chistov in Monarchs zone.
7:20 of 1st period - Vernon Fiddler is hit by Mason Raymond and loses puck.
7:56 of 1st period - Penalty to Theo Peckham is over, Theo Peckham is back on ice.
8:17 of 1st period - Martin Marincin is hit by Alec Martinez and loses puck.
9:01 of 1st period - Gabriel Bourque is hit by Jon Merrill and loses puck.
9:16 of 1st period - Mason Raymond is hit by Shane Sims and loses puck.
9:31 of 1st period - Brett Sterling is hit by Andrej Meszaros.
9:47 of 1st period - Wrist shot by Stanislav Chistov.
9:47 of 1st period - Stopped by Richard Bachman without a rebound.
9:48 of 1st period - Vernon Fiddler wins face-off versus Marek Zagrapan in Monarchs zone.
9:49 of 1st period - Wrist shot by Stanislav Chistov.
9:49 of 1st period - Shot Blocked by Andy Greene.
10:13 of 1st period - Andy Greene is hit by Cody Hodgson and loses puck.
10:38 of 1st period - Snap shot by Mikael Backlund.
10:38 of 1st period - Shot Misses the Net.
11:21 of 1st period - Off-side.
11:22 of 1st period - Sergei Kostitsyn wins face-off versus Mikael Backlund in neutral zone.
11:35 of 1st period - Snap shot by Stanislav Chistov.
11:35 of 1st period - Deflect By Vernon Fiddler.
11:35 of 1st period - Stopped by Richard Bachman without a rebound.
11:36 of 1st period - Randy Robitaille wins face-off versus Vernon Fiddler in Monarchs zone.
11:45 of 1st period - Slapshot by Randy Robitaille.
11:45 of 1st period - Shot Blocked by Erik Karlsson.
13:21 of 1st period - Wrist shot by Mikael Backlund.
13:21 of 1st period - Stopped by Jonas Gustavsson with a rebound.
13:23 of 1st period - Slapshot by Andrej Meszaros.
13:23 of 1st period - Deflect By Jay Beagle.
13:23 of 1st period - Shot Blocked by Erik Karlsson.
13:23 of 1st period - Puck is out of play.
13:24 of 1st period - Vernon Fiddler wins face-off versus Mikael Backlund in Senators zone.
13:26 of 1st period - Minor Penalty to Shane Sims for Roughing.
13:27 of 1st period - Vernon Fiddler wins face-off versus Randy Robitaille in Senators zone.
13:27 of 1st period - Vernon Fiddler is hit by Kyle Clifford.
13:40 of 1st period - Snap shot by Sergei Kostitsyn.
13:40 of 1st period - Shot Blocked by Randy Robitaille.
13:42 of 1st period - Wrist shot by Sergei Kostitsyn.
13:42 of 1st period - Stopped by Richard Bachman without a rebound.
13:43 of 1st period - Randy Robitaille wins face-off versus Vernon Fiddler in Monarchs zone.
13:52 of 1st period - Slapshot by Randy Robitaille.
13:52 of 1st period - Shot Misses the Net.
13:54 of 1st period - Wrist shot by Kyle Clifford.
13:54 of 1st period - Shot Misses the Net.
13:56 of 1st period - Slapshot by Alec Martinez.
13:56 of 1st period - Shot Blocked by Milan Jurcina.
15:24 of 1st period - Erik Karlsson is hit by Kyle Palmieri and loses puck.
15:26 of 1st period - Penalty to Shane Sims is over, Shane Sims is back on ice.
16:08 of 1st period - Mikael Backlund is hit by Logan Stephenson.
16:26 of 1st period - Sergei Kostitsyn is hit by John Mitchell and loses puck.
16:53 of 1st period - Snap shot by Matt Frattin.
16:53 of 1st period - Stopped by Richard Bachman with a rebound.
17:37 of 1st period - Andrej Meszaros is hit by Milan Jurcina and loses puck.
18:07 of 1st period - Minor Penalty to Steven Goertzen for Tripping.
18:08 of 1st period - Randy Robitaille wins face-off versus Vernon Fiddler in Senators zone.
18:15 of 1st period - Snap shot by Kyle Clifford.
18:15 of 1st period - Goal by Kyle Clifford - Monarchs : 1 - Senators : 0.
18:16 of 1st period - Sergei Kostitsyn wins face-off versus Randy Robitaille in neutral zone.
18:43 of 1st period - Jay Beagle is hit by Steven Goertzen and loses puck.
18:52 of 1st period - Snap shot by Cody Hodgson.
18:52 of 1st period - Shot Misses the Net.
19:06 of 1st period - Wrist shot by Jack Skille.
19:06 of 1st period - Stopped by Richard Bachman without a rebound.
19:07 of 1st period - Vernon Fiddler wins face-off versus Zac Rinaldo in Monarchs zone.
19:18 of 1st period - Snap shot by Stanislav Chistov.
19:18 of 1st period - Stopped by Richard Bachman without a rebound.
19:19 of 1st period - Randy Robitaille wins face-off versus Vernon Fiddler in Monarchs zone.
19:44 of 1st period - Mikael Backlund is hit by Brett Sterling and loses puck.
19:49 of 1st period - Snap shot by Cody Hodgson.
19:49 of 1st period - Stopped by Richard Bachman with a rebound.
19:51 of 1st period - Snap shot by Brett Sterling.
19:51 of 1st period - Shot Misses the Net.
Goals for this period are 1 for Monarchs vs 0 for Senators.
Shots for this period are 4 for Monarchs vs 13 for Senators.

2nd period


0:01 of 2nd period - Randy Robitaille wins face-off versus Vernon Fiddler in neutral zone.
0:03 of 2nd period - Minor Penalty to John Zeiler for Elbowing.
0:04 of 2nd period - Chris Dingman wins face-off versus Vernon Fiddler in Monarchs zone.
0:16 of 2nd period - Snap shot by Stanislav Chistov.
0:16 of 2nd period - Stopped by Richard Bachman with a rebound.
0:59 of 2nd period - Off-side.
1:00 of 2nd period - Mason Raymond wins face-off versus Sergei Kostitsyn in neutral zone.
1:03 of 2nd period - Slapshot by Theo Peckham.
1:03 of 2nd period - Stopped by Jonas Gustavsson without a rebound.
1:04 of 2nd period - Mason Raymond wins face-off versus Vernon Fiddler in Senators zone.
1:11 of 2nd period - Snap shot by Mikael Backlund.
1:11 of 2nd period - Shot Misses the Net.
1:31 of 2nd period - Wrist shot by Shane Sims.
1:31 of 2nd period - Shot Misses the Net.
1:33 of 2nd period - Wrist shot by Steven Goertzen.
1:33 of 2nd period - Shot Blocked by Theo Peckham.
1:35 of 2nd period - Snap shot by Cody Hodgson.
1:35 of 2nd period - Deflect By Chris Dingman.
1:35 of 2nd period - Shot Misses the Net.
1:35 of 2nd period - Puck is out of play.
1:36 of 2nd period - Chris Dingman wins face-off versus Vernon Fiddler in Monarchs zone.
1:36 of 2nd period - Chris Dingman is hit by Stanislav Chistov.
2:03 of 2nd period - Penalty to John Zeiler is over, John Zeiler is back on ice.
2:03 of 2nd period - Andrej Meszaros is hit by Milan Jurcina and loses puck.
2:08 of 2nd period - Snap shot by Cody Hodgson.
2:08 of 2nd period - Stopped by Richard Bachman with a rebound.
2:10 of 2nd period - Slapshot by Brett Sterling.
2:10 of 2nd period - Deflect By Andrej Meszaros.
2:10 of 2nd period - Goal by Brett Sterling - Monarchs : 1 - Senators : 1.
2:11 of 2nd period - Vernon Fiddler wins face-off versus Randy Robitaille in neutral zone.
2:26 of 2nd period - Kyle Clifford is hit by Vernon Fiddler.
3:34 of 2nd period - Slapshot by Matt Frattin.
3:34 of 2nd period - Shot Misses the Net.
4:05 of 2nd period - Mason Raymond is hit by Sergei Kostitsyn.
4:09 of 2nd period - Vernon Fiddler is hit by Mikael Backlund.
4:45 of 2nd period - Snap shot by Kyle Palmieri.
4:45 of 2nd period - Shot Misses the Net.
4:47 of 2nd period - Snap shot by Kyle Clifford.
4:47 of 2nd period - Stopped by Jonas Gustavsson with a rebound.
5:05 of 2nd period - Matt Tennyson is hit by Nick Bjugstad and loses puck.
5:24 of 2nd period - Wrist shot by Stanislav Chistov.
5:24 of 2nd period - Stopped by Richard Bachman with a rebound.
5:52 of 2nd period - Snap shot by Mark Olver.
5:52 of 2nd period - Stopped by Richard Bachman with a rebound.
6:50 of 2nd period - Andy Greene is hit by Erik Karlsson and loses puck.
7:34 of 2nd period - Wrist shot by Stanislav Chistov.
7:34 of 2nd period - Shot Misses the Net.
7:40 of 2nd period - Slapshot by Andrej Meszaros.
7:40 of 2nd period - Deflect By Vernon Fiddler.
7:40 of 2nd period - Stopped by Jonas Gustavsson without a rebound.
7:41 of 2nd period - Vernon Fiddler wins face-off versus Randy Robitaille in Senators zone.
8:10 of 2nd period - Wrist shot by Cody Hodgson.
8:10 of 2nd period - Stopped by Richard Bachman with a rebound.
8:12 of 2nd period - Wrist shot by Steven Goertzen.
8:12 of 2nd period - Shot Misses the Net.
8:14 of 2nd period - Wrist shot by Brett Sterling.
8:14 of 2nd period - Shot Blocked by Theo Peckham.
8:16 of 2nd period - Backhand shot by Cody Hodgson.
8:16 of 2nd period - Goal by Cody Hodgson - Monarchs : 1 - Senators : 2.
8:17 of 2nd period - Vernon Fiddler wins face-off versus Randy Robitaille in neutral zone.
8:42 of 2nd period - Sergei Kostitsyn is hit by Jay Beagle and loses puck.
8:49 of 2nd period - Slapshot by Erik Karlsson.
8:49 of 2nd period - Shot Misses the Net.
9:58 of 2nd period - Brett Sterling is hit by Mikael Backlund and loses puck.
11:24 of 2nd period - Off-side.
11:25 of 2nd period - Cody Hodgson wins face-off versus Zac Rinaldo in neutral zone.
12:15 of 2nd period - Snap shot by Jay Beagle.
12:15 of 2nd period - Shot Misses the Net.
12:17 of 2nd period - Wrist shot by Mason Raymond.
12:17 of 2nd period - Stopped by Jonas Gustavsson with a rebound.
12:19 of 2nd period - Snap shot by Mason Raymond.
12:19 of 2nd period - Deflect By Mikael Backlund.
12:19 of 2nd period - Shot Misses the Net.
12:19 of 2nd period - Puck is out of play.
12:20 of 2nd period - Vernon Fiddler wins face-off versus Mikael Backlund in Senators zone.
12:47 of 2nd period - Brett Sterling is hit by Andy Greene and loses puck.
13:06 of 2nd period - Wrist shot by Chris Dingman.
13:06 of 2nd period - Deflect By Kyle Palmieri.
13:06 of 2nd period - Stopped by Jonas Gustavsson with a rebound.
13:08 of 2nd period - Snap shot by Zac Rinaldo.
13:08 of 2nd period - Stopped by Jonas Gustavsson with a rebound.
13:10 of 2nd period - Snap shot by Chris Dingman.
13:10 of 2nd period - Stopped by Jonas Gustavsson with a rebound.
13:12 of 2nd period - Wrist shot by Chris Dingman.
13:12 of 2nd period - Shot Misses the Net.
13:26 of 2nd period - Jack Skille is hit by Mason Raymond and loses puck.
13:49 of 2nd period - Minor Penalty to Mark Olver for Cross-checking.
13:50 of 2nd period - Randy Robitaille wins face-off versus Vernon Fiddler in Senators zone.
13:51 of 2nd period - Slapshot by Andrej Meszaros.
13:51 of 2nd period - Deflect By Kyle Clifford.
13:51 of 2nd period - Deflect By Logan Stephenson.
13:51 of 2nd period - Stopped by Jonas Gustavsson with a rebound.
14:15 of 2nd period - Logan Stephenson is hit by Mason Raymond and loses puck.
14:24 of 2nd period - Snap shot by Mikael Backlund.
14:24 of 2nd period - Stopped by Jonas Gustavsson without a rebound.
14:25 of 2nd period - Vernon Fiddler wins face-off versus Mikael Backlund in Senators zone.
14:36 of 2nd period - Wrist shot by Mikael Backlund.
14:36 of 2nd period - Shot Blocked by Milan Jurcina.
14:38 of 2nd period - Snap shot by Kyle Palmieri.
14:38 of 2nd period - Deflect By Erik Karlsson.
14:38 of 2nd period - Shot Blocked by Vernon Fiddler.
14:38 of 2nd period - Puck is out of play.
14:39 of 2nd period - Vernon Fiddler wins face-off versus Randy Robitaille in Senators zone.
15:07 of 2nd period - Milan Jurcina is hit by Andrej Meszaros and loses puck.
15:49 of 2nd period - Penalty to Mark Olver is over, Mark Olver is back on ice.
15:58 of 2nd period - Marek Zagrapan is hit by Brett Sterling.
16:22 of 2nd period - Wrist shot by Mark Olver.
16:22 of 2nd period - Stopped by Richard Bachman without a rebound.
16:23 of 2nd period - Mikael Backlund wins face-off versus Vernon Fiddler in Monarchs zone.
17:02 of 2nd period - Wrist shot by Steven Goertzen.
17:02 of 2nd period - Stopped by Richard Bachman without a rebound.
17:03 of 2nd period - Zac Rinaldo wins face-off versus Cody Hodgson in Monarchs zone.
17:10 of 2nd period - Snap shot by Kyle Palmieri.
17:10 of 2nd period - Stopped by Jonas Gustavsson without a rebound.
17:11 of 2nd period - Randy Robitaille wins face-off versus Vernon Fiddler in Senators zone.
17:12 of 2nd period - Wrist shot by John Zeiler.
17:12 of 2nd period - Shot Misses the Net.
17:18 of 2nd period - Wrist shot by John Zeiler.
17:18 of 2nd period - Shot Misses the Net.
17:20 of 2nd period - Slapshot by John Zeiler.
17:20 of 2nd period - Stopped by Jonas Gustavsson with a rebound.
17:24 of 2nd period - Slapshot by John Zeiler.
17:24 of 2nd period - Shot Blocked by Vernon Fiddler.
17:26 of 2nd period - Slapshot by Jon Merrill.
17:26 of 2nd period - Stopped by Jonas Gustavsson without a rebound.
17:27 of 2nd period - Mikael Backlund wins face-off versus Cody Hodgson in Senators zone.
17:28 of 2nd period - Slapshot by Andrej Meszaros.
17:28 of 2nd period - Deflect By Mikael Backlund.
17:28 of 2nd period - Stopped by Jonas Gustavsson with a rebound.
17:53 of 2nd period - Andy Greene is hit by Stanislav Chistov and loses puck.
18:36 of 2nd period - Snap shot by Jaden Schwartz.
18:36 of 2nd period - Goal by Jaden Schwartz - Monarchs : 1 - Senators : 3.
18:37 of 2nd period - Randy Robitaille wins face-off versus Vernon Fiddler in neutral zone.
18:39 of 2nd period - Minor Penalty to Kyle Clifford for Hooking.
18:40 of 2nd period - Vernon Fiddler wins face-off versus Chris Dingman in Monarchs zone.
18:54 of 2nd period - Slapshot by Vernon Fiddler.
18:54 of 2nd period - Stopped by Richard Bachman with a rebound.
19:16 of 2nd period - Slapshot by Erik Karlsson.
19:16 of 2nd period - Deflect By Mikael Backlund.
19:16 of 2nd period - Stopped by Richard Bachman with a rebound.
19:18 of 2nd period - Slapshot by Milan Jurcina.
19:18 of 2nd period - Stopped by Richard Bachman without a rebound.
19:19 of 2nd period - Vernon Fiddler wins face-off versus Mason Raymond in Monarchs zone.
Goals for this period are 0 for Monarchs vs 3 for Senators.
Shots for this period are 13 for Monarchs vs 13 for Senators.

3rd period


0:01 of 3rd period - Vernon Fiddler wins face-off versus Chris Dingman in neutral zone.
0:04 of 3rd period - Snap shot by Stanislav Chistov.
0:04 of 3rd period - Stopped by Richard Bachman with a rebound.
0:20 of 3rd period - Chris Dingman is hit by Stanislav Chistov and loses puck.
0:35 of 3rd period - Snap shot by Cody Hodgson.
0:35 of 3rd period - Goal by Cody Hodgson - Monarchs : 1 - Senators : 4.
0:36 of 3rd period - Randy Robitaille wins face-off versus Vernon Fiddler in neutral zone.
1:03 of 3rd period - Snap shot by Cody Hodgson.
1:03 of 3rd period - Shot Misses the Net.
1:05 of 3rd period - Snap shot by Steven Goertzen.
1:05 of 3rd period - Shot Misses the Net.
1:07 of 3rd period - Snap shot by Brett Sterling.
1:07 of 3rd period - Shot Misses the Net.
1:09 of 3rd period - Wrist shot by Cody Hodgson.
1:09 of 3rd period - Deflect By Steven Goertzen.
1:09 of 3rd period - Shot Blocked by Andy Greene.
1:09 of 3rd period - Puck is out of play.
1:10 of 3rd period - John Zeiler wins face-off versus Stanislav Chistov in Monarchs zone.
1:23 of 3rd period - Slapshot by John Zeiler.
1:23 of 3rd period - Goal by John Zeiler - Monarchs : 2 - Senators : 4.
1:24 of 3rd period - Vernon Fiddler wins face-off versus Randy Robitaille in neutral zone.
1:49 of 3rd period - Mikael Backlund is hit by Milan Jurcina and loses puck.
2:14 of 3rd period - Snap shot by Jack Skille.
2:14 of 3rd period - Goal by Jack Skille - Monarchs : 2 - Senators : 5.
2:15 of 3rd period - Vernon Fiddler wins face-off versus Kyle Clifford in neutral zone.
2:30 of 3rd period - Snap shot by Randy Robitaille.
2:30 of 3rd period - Shot Misses the Net.
2:47 of 3rd period - Snap shot by Mason Raymond.
2:47 of 3rd period - Shot Blocked by Steven Goertzen.
3:33 of 3rd period - Minor Penalty to Kyle Clifford for Interference.
3:34 of 3rd period - Vernon Fiddler wins face-off versus Chris Dingman in Monarchs zone.
3:36 of 3rd period - Wrist shot by Stanislav Chistov.
3:36 of 3rd period - Deflect By Chris Dingman.
3:36 of 3rd period - Shot Blocked by Randy Robitaille.
3:36 of 3rd period - Puck is out of play.
3:37 of 3rd period - Chris Dingman wins face-off versus Stanislav Chistov in Monarchs zone.
3:46 of 3rd period - Stanislav Chistov is hit by Andy Greene and loses puck.
3:53 of 3rd period - Slapshot by Logan Stephenson.
3:53 of 3rd period - Stopped by Richard Bachman with a rebound.
4:09 of 3rd period - Icing by Logan Stephenson.
4:10 of 3rd period - Chris Dingman wins face-off versus Cody Hodgson in Senators zone.
4:34 of 3rd period - Wrist shot by Cody Hodgson.
4:34 of 3rd period - Shot Blocked by Theo Peckham.
4:36 of 3rd period - Snap shot by Cody Hodgson.
4:36 of 3rd period - Deflect By Brett Sterling.
4:36 of 3rd period - Deflect By Alec Martinez.
4:36 of 3rd period - Stopped by Richard Bachman with a rebound.
5:33 of 3rd period - Penalty to Kyle Clifford is over, Kyle Clifford is back on ice.
5:52 of 3rd period - Major Penalty to Milan Jurcina for Kneeing.
5:53 of 3rd period - Vernon Fiddler wins face-off versus Randy Robitaille in Senators zone.
6:14 of 3rd period - Minor Penalty to Kyle Clifford for Hooking.
6:15 of 3rd period - Chris Dingman wins face-off versus Vernon Fiddler in Monarchs zone.
7:00 of 3rd period - Shane Sims is hit by Andrej Meszaros and loses puck.
7:07 of 3rd period - Snap shot by Mason Raymond.
7:07 of 3rd period - Shot Blocked by Logan Stephenson.
7:09 of 3rd period - Wrist shot by Mikael Backlund.
7:09 of 3rd period - Stopped by Jonas Gustavsson with a rebound.
7:33 of 3rd period - Backhand shot by John Mitchell.
7:33 of 3rd period - Stopped by Jonas Gustavsson without a rebound.
7:34 of 3rd period - Vernon Fiddler wins face-off versus Chris Dingman in Senators zone.
8:14 of 3rd period - Penalty to Kyle Clifford is over, Kyle Clifford is back on ice.
8:18 of 3rd period - Slapshot by Mark Olver.
8:18 of 3rd period - Shot Blocked by Andrej Meszaros.
8:20 of 3rd period - Slapshot by Jack Skille.
8:20 of 3rd period - Stopped by Richard Bachman without a rebound.
8:21 of 3rd period - Mikael Backlund wins face-off versus Jack Skille in Monarchs zone.
8:33 of 3rd period - Snap shot by Mikael Backlund.
8:33 of 3rd period - Deflect By Mason Raymond.
8:33 of 3rd period - Shot Misses the Net.
8:33 of 3rd period - Puck is out of play.
8:34 of 3rd period - Vernon Fiddler wins face-off versus Randy Robitaille in Senators zone.
9:35 of 3rd period - Alec Martinez is hit by Stanislav Chistov and loses puck.
10:52 of 3rd period - Penalty to Milan Jurcina is over, Milan Jurcina is back on ice.
11:10 of 3rd period - Chris Dingman is hit by Matt Frattin and loses puck.
11:19 of 3rd period - Logan Stephenson is hit by Chris Dingman.
11:25 of 3rd period - Snap shot by Jack Skille.
11:25 of 3rd period - Shot Misses the Net.
11:27 of 3rd period - Backhand shot by Shane Sims.
11:27 of 3rd period - Shot Blocked by Jon Merrill.
11:29 of 3rd period - Slapshot by Logan Stephenson.
11:29 of 3rd period - Shot Blocked by Jon Merrill.
11:33 of 3rd period - Wrist shot by Brett Sterling.
11:33 of 3rd period - Stopped by Richard Bachman without a rebound.
11:34 of 3rd period - Randy Robitaille wins face-off versus Vernon Fiddler in Monarchs zone.
11:34 of 3rd period - Randy Robitaille is hit by Patrick Wey.
11:42 of 3rd period - Slapshot by Andy Greene.
11:42 of 3rd period - Shot Blocked by Milan Jurcina.
11:59 of 3rd period - Logan Stephenson is hit by Andrej Meszaros and loses puck.
13:14 of 3rd period - Minor Penalty to Kyle Palmieri for Interference.
13:15 of 3rd period - Chris Dingman wins face-off versus Sergei Kostitsyn in Monarchs zone.
13:24 of 3rd period - Slapshot by Erik Karlsson.
13:24 of 3rd period - Stopped by Richard Bachman with a rebound.
13:28 of 3rd period - Snap shot by Stanislav Chistov.
13:28 of 3rd period - Deflect By Chris Dingman.
13:28 of 3rd period - Shot Misses the Net.
13:28 of 3rd period - Puck is out of play.
13:29 of 3rd period - Vernon Fiddler wins face-off versus Chris Dingman in Monarchs zone.
13:42 of 3rd period - Snap shot by Sergei Kostitsyn.
13:42 of 3rd period - Stopped by Richard Bachman with a rebound.
14:08 of 3rd period - Slapshot by Steven Goertzen.
14:08 of 3rd period - Shot Misses the Net.
15:14 of 3rd period - Penalty to Kyle Palmieri is over, Kyle Palmieri is back on ice.
15:58 of 3rd period - Jaden Schwartz is hit by Mason Raymond and loses puck.
18:02 of 3rd period - Mason Raymond is hit by Brett Sterling and loses puck.
18:15 of 3rd period - Chris Dingman is hit by Sergei Kostitsyn and loses puck.
18:42 of 3rd period - Shane Sims is hit by Chris Dingman and loses puck.
18:53 of 3rd period - Matt Tennyson is hit by Logan Stephenson and loses puck.
19:10 of 3rd period - John Mitchell is hit by Vernon Fiddler and loses puck.
19:37 of 3rd period - Minor Penalty to Chris Dingman for High sticking.
19:38 of 3rd period - Marek Zagrapan wins face-off versus Vernon Fiddler in Monarchs zone.
19:48 of 3rd period - Slapshot by Erik Karlsson.
19:48 of 3rd period - Stopped by Richard Bachman with a rebound.
Goals for this period are 1 for Monarchs vs 2 for Senators.
Shots for this period are 3 for Monarchs vs 10 for Senators.


Output by the SimonT Hockey Simulator (STHS) for François Prévost -- Original Page W3C XHTML 1.0 Valid
Hockey Simulator - Hockey Simulation - Hockey Manager